 Dungeon Crawl Stone Soup version 0.23.1 (webtiles) character file.

Game seed: 2057836920581778665

2496 poirepourri the Basher (level 9, -4/51 HPs)
             Began as a Gargoyle Fighter on Mar 1, 2019.
             Was a Believer of Cheibriados.
             Engulfed by a cloud of steam (8 damage)
             ... on level 7 of the Dungeon.
             The game lasted 00:06:44 (6117 turns).

poirepourri the Basher (Gargoyle Fighter)           Turns: 6117, Time: 00:06:45

Health: -4/51      AC: 14    Str: 29    XL:     9   Next: 52%
Magic:  9/9        EV:  7    Int: 13    God:    Cheibriados [**....]
Gold:   9          SH: 14    Dex: 17    Spells: 8/8 levels left

rFire    . . .     SeeInvis .   a - +3 flail
rCold    . . .     Gourm    .   c - +4 shield
rNeg     + . .     Faith    .   b - +0 scale mail
rPois    ∞         Spirit   .   (no helmet)
rElec    +         Reflect  .   (no cloak)
rCorr    .         Harm     .   g - +0 pair of gloves
MR       .....                  (no boots)
Stlth    ..........             (no amulet)
HPRegen  0.17/turn              (no ring)
MPRegen  0.11/turn              h - +3 ring of strength

@: very slow
A: negative energy resistance 1, electricity resistance, unbreathing,
petrification resistance, rot immunity, AC +6
a: Bend Time, Renounce Religion


You were on level 7 of the Dungeon.
You worshipped Cheibriados.
Cheibriados was pleased with you.
You were not hungry.

You visited 2 branches of the dungeon, and saw 8 of its levels.
You also visited: Ossuary.

You collected 256 gold pieces.
You spent 247 gold pieces at shops.

Inventory:

Hand Weapons
 a - a +3 flail (weapon)
Missiles
 e - 15 tomahawks (quivered)
 m - 69 bolts
Armour
 b - a +0 scale mail (worn)
 c - a +4 shield (worn)
 g - a +0 pair of gloves (worn)
Jewellery
 h - a +3 ring of strength (right hand)
 q - an uncursed ring of see invisible
Wands
 k - a wand of paralysis (1)
 l - a wand of flame (6)
 s - a wand of polymorph (7)
Scrolls
 o - a scroll of remove curse
Potions
 d - 2 potions of flight
 j - 2 potions of mutation
 n - 4 potions of brilliance
Comestibles
 f - 4 rations


   Skills:
 - Level 3.2 Fighting
 + Level 12.4 Maces & Flails
 - Level 3.2 Armour
 - Level 3.2 Shields


You had 8 spell levels left.
You didn't know any spells.
Your spell library was empty.

Dungeon Overview and Level Annotations

Branches:
Dungeon (7/15)             Temple (1/1) D:5

Altars:
Ashenzari
Cheibriados
Dithmenos
Elyvilon
Fedhas
Gozag
Hepliaklqana
Kikubaaqudgha
Makhleb
Nemelex Xobeh
Okawaru
Qazlal
Ru
Sif Muna
Uskayaw
Vehumet
Wu Jian
Xom
Yredelemnul
Zin
The Shining One

Shops:
D:7 *=

Annotations:
D:6 Prince Ribbit
D:7 exclusion: oklob plant


Innate Abilities, Weirdness & Mutations

You are resistant to torment.
Your stone body is resilient. (AC +6)
You are immune to poison.
You resist negative energy. (rN+)
You are resistant to electric shocks. (rElec)
You can survive without breathing.
You are immune to petrification.
You are immune to rotting.


Message History

The ball of steam hits you.
Okay, then.
Evoke which item? (* to show all) (? for menu, Esc to quit)
Aiming: Paralyse
Press: ? - help, Shift-Dir - straight line, f - steam dragon
Aim: a steam dragon (catching its breath, chance to defeat MR: 46%)
The steam dragon suddenly stops moving!
You are engulfed in a cloud of scalding steam.
* * * LOW HITPOINT WARNING * * *
The helpless steam dragon fails to defend itself.
You sock the steam dragon!
The steam dragon is heavily wounded.
You are engulfed in a cloud of scalding steam.
* * * LOW HITPOINT WARNING * * *
The helpless steam dragon fails to defend itself.
You bludgeon the steam dragon!!
You kill the steam dragon!
The steam dragon scales are intact enough to wear.
You are engulfed in a cloud of scalding steam.
You die...

## #.
#################.
#§..............'.
#§#.∩.#.#######.#.
#.§)..#.# #.#.
#@###...# ####
###[#####.#
#..c......##
#...........
#.........#.
#........##.#
###(######
#.........#
#.........#


You could see a centaur.

Vanquished Creatures
  Grinder (D:4)
  Eustachio (D:5)
  A steam dragon (D:7)
  Menkaure (D:5)
  An orc warrior (D:6)
  A black bear (D:6)
  An ice beast (D:6)
  2 phantoms (D:4)
  3 ogres
  A bullfrog (D:7)
  3 killer bees (D:7)
  2 howler monkeys
  6 crimson imps
  3 centaur zombies (Ossuary)
  2 human zombies (Ossuary)
  A hound (D:4)
  3 orc wizards
  2 centaur skeletons
  A jelly (D:7)
  2 iguanas (D:4)
  3 worker ants
  A hound skeleton (D:4)
  2 mummies (Ossuary)
  5 adders
  A shadow imp (D:7)
  An ooze (D:2)
  2 adder zombies
  2 worms
  4 dart slugs
  2 leopard geckos (D:1)
  19 orcs
  3 ball pythons
  5 giant cockroaches
  9 goblins
  9 hobgoblins
  7 jackals
  4 quokkas
  8 bats
  5 frilled lizards
  A goblin zombie (Ossuary)
  10 hobgoblin zombies (Ossuary)
  2 jackal zombies (Ossuary)
  4 kobolds
  9 kobold zombies (Ossuary)
  A leopard gecko zombie (D:6)
  8 orc zombies (Ossuary)
  6 rats
  A rat zombie (Ossuary)
  A spectral orc (D:6)
173 creatures vanquished.

Notes
Turn   | Place    | Note
-------+----------+-------------------------------------------
     0 | D:1      | poirepourri the Gargoyle Fighter began the quest for the
                  | Orb.
     0 | D:1      | Reached XP level 1. HP: 14/14 MP: 1/1
   111 | D:1      | Reached XP level 2. HP: 10/19 MP: 2/2
   328 | D:1      | Reached skill level 3 in Maces & Flails
   582 | D:1      | Reached XP level 3. HP: 22/23 MP: 3/3
  1159 | D:2      | Reached skill level 4 in Maces & Flails
  1395 | D:2      | Reached XP level 4. HP: 28/28 MP: 4/4
  1643 | D:3      | Found a faded altar of an unknown god.
  1907 | D:3      | Reached skill level 5 in Maces & Flails
  1909 | D:3      | Reached XP level 5. HP: 31/32 MP: 5/5
  2318 | D:3      | Found a radiant altar of Vehumet.
  2416 | D:4      | Noticed a phantom
  2505 | D:4      | Noticed an ogre
  2510 | D:4      | Killed an ogre
  2510 | D:4      | Reached skill level 6 in Maces & Flails
  2510 | D:4      | Reached XP level 6. HP: 36/37 MP: 6/6
  2565 | D:4      | Noticed a phantom
  2611 | D:4      | Killed a phantom
  2611 | D:4      | Reached skill level 7 in Maces & Flails
  2676 | D:4      | Reached XP level 7. HP: 38/41 MP: 7/7
  2870 | D:4      | Found a blossoming altar of Fedhas.
  3091 | D:5      | Entered Level 5 of the Dungeon
  3093 | D:5      | Found a staircase to the Ecumenical Temple.
  3109 | D:5      | Reached skill level 8 in Maces & Flails
  3122 | Temple   | Entered the Ecumenical Temple
  3184 | Temple   | Became a worshipper of Cheibriados the Contemplative
  3425 | D:5      | Found a sand-covered staircase.
  3462 | D:5      | Noticed Grinder
  3470 | D:5      | Noticed Menkaure
  3471 | Ossuary  | Entered an ossuary
  3590 | Ossuary  | Reached * piety under Cheibriados
  3632 | Ossuary  | Reached skill level 9 in Maces & Flails
  3632 | Ossuary  | Reached XP level 8. HP: 28/46 MP: 8/8
  3725 | D:5      | Noticed Eustachio
  3736 | D:5      | Killed Menkaure
  3993 | D:4      | Reached skill level 10 in Maces & Flails
  4006 | D:4      | Paralysed by Grinder for 2 turns
  4018 | D:4      | Killed Grinder
  4018 | D:4      | Reached ** piety under Cheibriados
  4254 | D:5      | Killed Eustachio
  4532 | D:6      | Reached skill level 11 in Maces & Flails
  4532 | D:6      | Reached XP level 9. HP: 34/51 MP: 9/9
  4990 | D:6      | Found a white marble altar of Elyvilon.
  4991 | D:6      | Found a sparkling altar of Nemelex Xobeh.
  5125 | D:6      | Found an ancient bone altar of Kikubaaqudgha.
  5125 | D:6      | Found a hide-covered altar of Uskayaw.
  5125 | D:6      | Noticed Prince Ribbit
  5578 | D:6      | Found a basalt altar of Yredelemnul.
  6007 | D:7      | Reached skill level 12 in Maces & Flails
  6020 | D:7      | Found a radiant altar of Vehumet.
  6021 | D:7      | Noticed an oklob plant
  6048 | D:7      | Found Meiru's Jewellery Boutique.
  6053 | D:7      | Bought a +3 ring of strength for 219 gold pieces
  6068 | D:7      | Found Efoamom's Assorted Antiques.
  6076 | D:7      | Bought a scroll labeled DAOFAT ETHROCY for 28 gold pieces
  6117 | D:7      | Engulfed by a cloud of steam

Skill      XL: |  1  2  3  4  5  6  7  8  9 |
---------------+----------------------------+-----
Maces & Flails | 3 4 5 6 7 9 11 12 | 12.4
Fighting       | |  3.2
Armour         | |  3.2
Shields        | |  3.2

Action                   |  1- 3 |  4- 6 |  7- 9 || total
-------------------------+-------+-------+-------++-------
Melee: Flail             |   137 |   205 |   356 ||   698
Evoke: Wand              |       |     5 |     5 ||    10
  Use: Scroll            |       |    10 |    12 ||    22
       Potion            |       |       |    12 ||    12
 Stab: Invisible         |       |       |     3 ||     3
       Paralysed         |       |       |     2 ||     2
  Eat: Ration            |     1 |     1 |     2 ||     4
Armor: Scale mail        |    82 |   144 |   190 ||   416
       Skin              |       |       |     9 ||     9
Dodge: Dodged            |    47 |    80 |   127 ||   254
Block: Shield            |    66 |   150 |   270 ||   486
